 Dungeon Crawl Stone Soup version 0.31.0-7-gf635a9b802 (webtiles) character file.

Game seed: 16113835909005031858

721 hikkokomori the Apothecary (level 7, -7/40 HPs)
             Began as a Gargoyle Alchemist on Jan 24, 2024.
             Mangled by an ogre
             ... wielding a +0 giant spiked club
              (21 damage)
             ... on level 5 of the Dungeon.
             The game lasted 00:10:03 (3830 turns).

hikkokomori the Apothecary (Gargoyle Alchemist)     Turns: 3830, Time: 00:10:03

Health: -7/40      AC:  9    Str: 11    XL:     7   Next: 70%
Magic:  7/10       EV: 11    Int: 21    God:
Gold:   313        SH:  0    Dex: 10    Spells: 4/10 levels left

rFire   . . .        o - +4 whip "Barugedo" {elec, Int+3}
rCold   . . .        (no shield)
rNeg    + . .        l - +0 leather armour
rPois   ∞            (no helmet)
rElec   +            f - scarf {shadows}
rCorr   +            d - +0 pair of gloves
SInv    .            k - +0 pair of boots
Will    +....        (no amulet)
Stlth   ++           i - ring of resist corrosion
HPRegen 0.26/turn    q - ring of willpower
MPRegen 0.12/turn

%: no passive effects
@: no status effects
A: sickness immunity, AC +4, negative energy resistance 1, electricity
resistance, torment resistance 1, petrification resistance
a: no special abilities


You were on level 5 of the Dungeon.
You visited 1 branch of the dungeon, and saw 5 of its levels.

You collected 313 gold pieces.

Inventory:

Hand Weapons
 b - a +1 heavy flail
 c - a +0 dagger
 o - the +4 whip "Barugedo" (weapon) {elec, Int+3}
   (You found it on level 2 of the Dungeon)

   Int+3:     It affects your intelligence (+3).
Armour
 a - a +0 robe
 d - a +0 pair of gloves (worn)
 f - a scarf of shadows (worn)
 k - a +0 pair of boots (worn)
 l - a +0 leather armour (worn)
 s - a +0 ring mail
Jewellery
 i - a ring of resist corrosion (left hand)
 q - a ring of willpower (right hand)
 u - a ring of protection from cold
Wands
 x - a wand of flame (22)
Scrolls
 g - a scroll of teleportation {unknown}
 j - 4 scrolls of poison {unknown}
 n - a scroll of fog {unknown}
 p - 2 scrolls of identify {unknown}
 r - a scroll of fear {unknown}
 v - a scroll of immolation {unknown}
Potions
 e - a potion of attraction {unknown}
 h - 2 potions of curing {unknown}
 m - a potion of might {unknown}
 t - a potion of resistance {unknown}
 w - 2 potions of lignification {unknown}
 z - 2 potions of heal wounds {unknown}


   Skills:
 + Level 2.1 Fighting
 + Level 2.5 Maces & Flails
 - Level 1.5 Dodging
 + Level 3.4 Stealth
 + Level 2.2 Spellcasting
 - Level 3.7 Conjurations
 - Level 2.1 Air Magic
 + Level 4.9 Alchemy


You had 4 spell levels left.
You knew the following spells:

 Your Spells              Type           Power      Damage    Failure   Level
a - Sting                 Conj/Alch      80%        1d8       3%          1
b - Mercury Vapours       Alch/Air       34%        N/A       7%          2
c - Mephitic Cloud        Conj/Alch/Air  17%        N/A       13%         3

Your spell library contained the following spells:

 Spells                   Type           Power      Damage    Failure   Level
 Olgreb's Toxic Radiance  Alch           23%        N/A       24%         4
 Sticky Flame             Fire/Alch      12%        2d5       56%         4


Dungeon Overview and Level Annotations

Branches:
Dungeon (5/15)
 Temple: D:4-7

Altars:
Cheibriados
Xom

Shops:
D:5 =

Portals:
Abyss: D:3

Annotations:
D:3 1 runed translucent door, 2 transporters, Crazy Yiuf; Vadun's ghost, amateur TrMo


Innate Abilities, Weirdness & Mutations

You are immune to sickness and miasma.
Your stone body is resilient. (AC +4)
You are immune to poison.
You resist negative energy. (rN+)
You are resistant to electric shocks. (rElec)
You are resistant to unholy torment.
You are immune to petrification.


Message History

No target in view!
No target in view!
No target in view!
No target in view!
No target in view!
No target in view!
No target in view!
No target in view!
No target in view!
No target in view!
You now have 286 gold pieces (gained 5).
Things that are here:
a +0 flail; a boomerang
There is an entrance to Remnux's Jewellery Shoppe here.
You now have 299 gold pieces (gained 13).
You now have 313 gold pieces (gained 14).
Found a stone staircase leading up.
An ogre comes into view. It is wielding a +0 giant spiked club.
An ogre is nearby!
Casting: Mephitic Cloud (dangerous; 13% risk of failure)
Confirm with . or Enter, or press ? or * to list all spells.
Aiming: Mephitic Cloud (dangerous; 13% risk of failure)
Press: ? - help, Shift-Dir - straight line, f - ogre
Aim: an ogre, wielding a +0 giant spiked club (asleep, chance to affect: 77%)
The ball explodes into a vile cloud!
The stinking cloud engulfs the ogre.
The ogre shouts!
The ogre is engulfed in noxious fumes.
The ogre appears confused.
Unknown command.
Unknown command.
The ogre is engulfed in noxious fumes.
The ogre appears confused.
The ogre hits you with a +0 giant spiked club!!
Ouch! That really hurt!
You are too injured to fight recklessly!
You are too injured to fight recklessly!
You hit the ogre.
The ogre is lightly wounded.
The ogre is engulfed in noxious fumes.
The ogre appears confused.
The ogre hits you with a +0 giant spiked club!!
Ouch! That really hurt!
You die...

#...#######.#.# #.#
#...# #.#.# #.#
#∩.)#### #.#.# #.#
#...........#.# #.#
#...#########.# #.#
#....... .#.##
###.# #.#..... ..§
#...# #.#..### #O#
#.### #.#.... #@#
#.####
#.###########.#
#...<#
#.............##
######
########...........
#.########.# ##.#
#<.# ####


You could see an ogre (confused).

Vanquished Creatures
  Edmund (D:4)
  A phantom (D:3)
  2 scorpions (D:4)
  2 bombardier beetles
  A hound (D:5)
  Jessica (D:2)
  An iguana (D:3)
  Terence (D:3)
  Natasha (twice) (D:2)
  An orc wizard (D:4)
  3 gnolls (D:2)
  3 adders
  7 dart slugs
  A ribbon worm (D:2)
  7 orcs
  7 ball pythons
  8 endoplasms
  3 giant cockroaches
  8 goblins
  8 hobgoblins
  6 jackals
  8 quokkas
  3 bats
  7 frilled lizards
  7 kobolds
  8 rats
107 creatures vanquished.

Vanquished Creatures (others)
  An orc (D:3)
  An endoplasm (D:3)
2 creatures vanquished.

Grand Total: 109 creatures vanquished

Notes
Turn   | Place    | Note
-------+----------+-------------------------------------------
     0 | D:1      | hikkokomori the Gargoyle Alchemist began the quest for the
                  | Orb.
     0 | D:1      | Reached XP level 1. HP: 10/10 MP: 3/3
   310 | D:1      | Reached XP level 2. HP: 16/16 MP: 1/5
   645 | D:1      | Reached skill level 1 in Fighting
   659 | D:1      | Reached XP level 3. HP: 15/20 MP: 6/6
   955 | D:1      | Learned a level 2 spell: Mercury Vapours
   959 | D:1      | Learned a level 3 spell: Mephitic Cloud
   982 | D:2      | Noticed Jessica
   992 | D:2      | Killed Jessica
   993 | D:2      | Reached skill level 3 in Alchemy
   993 | D:2      | Reached XP level 4. HP: 23/25 MP: 2/7
  1378 | D:2      | Noticed Natasha
  1388 | D:2      | Killed Natasha
  1389 | D:2      | Reached XP level 5. HP: 12/30 MP: 4/8
  1592 | D:2      | Noticed Natasha
  1631 | D:2      | Killed Natasha
  1638 | D:2      | Identified the +4 whip "Barugedo" {elec, Int+3}
  1865 | D:3      | Found a shimmering altar of Xom.
  1897 | D:3      | Reached XP level 6. HP: 16/35 MP: 1/9
  2023 | D:3      | Noticed a toenail golem
  2034 | D:3      | Found a one-way gate to the infinite horrors of the Abyss.
  2034 | D:3      | Noticed Vadun's ghost (amateur TrMo)
  2057 | D:3      | Reached skill level 1 in Maces & Flails
  2099 | D:3      | Reached skill level 1 in Air Magic
  2099 | D:3      | Reached skill level 4 in Alchemy
  2168 | D:3      | Found a faded altar of an unknown god.
  2244 | D:3      | Noticed Terence
  2250 | D:3      | Killed Terence
  2333 | D:3      | Found a runed translucent door.
  2334 | D:3      | Noticed Crazy Yiuf
  2504 | D:3      | Found a snail-covered altar of Cheibriados.
  2597 | D:3      | Found a transporter.
  2607 | D:3      | Found a transporter.
  3046 | D:4      | Reached XP level 7. HP: 37/40 MP: 3/10
  3353 | D:4      | Noticed Edmund
  3370 | D:4      | Killed Edmund
  3731 | D:5      | Entered Level 5 of the Dungeon
  3785 | D:5      | Found Remnux's Jewellery Shoppe.
  3830 | D:5      | Mangled by an ogre

Illustrated notes

Levels and vault maps discovered:
D:1:      roadster_arrival_rocket_large, layout_basic, minmay_strange_pillars,
          hex_tiny
D:2:      layout_rooms, uniq_natasha, uniq_jessica
D:3:      layout_basic, xom_confusion_cloud, mainiacjoe_overflow_boulevard,
          gammafunk_ghost_abyssal_escape, shapermc_ecumenical_altar_ellora,
          minmay_misc_feat_four_crosses, uniq_crazy_yiuf_cottage, uniq_terence
D:4:      layout_basic, st_stairs_10, minmay_stone_trees_medium,
          kennysheep_crisscross, uniq_edmund
D:5:      layout_basic, serial_shops, shop

Skill      XL: |  1  2  3  4  5  6  7 |
---------------+----------------------+-----
Fighting       | 1 2 |  2.1
Alchemy        | 3 4 |  4.9
Stealth        | 3 |  3.4
Conjurations   | 2 3 |  3.7
Maces & Flails | 1 2 |  2.5
Air Magic      | 1 2 |  2.1
Dodging        | |  1.5
Spellcasting   | |  2.2

Action                     |  1- 3 |  4- 6 |  7- 9 || total
---------------------------+-------+-------+-------++-------
  Melee: Dagger            |    88 |    38 |       ||   126
         Unarmed           |     6 |       |       ||     6
         Punch             |     1 |     2 |     1 ||     4
         Flail             |       |    23 |       ||    23
         Whip              |       |    65 |    60 ||   125
   Cast: Sting             |    18 |    32 |     5 ||    55
         Mercury Vapours   |     1 |    10 |       ||    11
         Mephitic Cloud    |       |     4 |     3 ||     7
    Use: Potion            |       |     1 |       ||     1
   Stab: Sleeping          |       |     5 |       ||     5
         Confused          |       |     1 |     3 ||     4
 Armour: Robe              |    66 |       |       ||    66
         Leather armour    |     3 |    83 |    43 ||   129
  Dodge: Dodged            |    49 |    66 |    58 ||   173
